 Dungeon Crawl Stone Soup version 0.31-a0-202-g547052bce9 (webtiles) character file.

Game seed: 9828806157209642326

406 ragingrage the Firebug (level 6, -1/36 HPs)
             Began as an Octopode Fire Elementalist on June 26, 2023.
             Slain by an orc priest
             ... wielding a +0 falchion
              (4 damage)
             ... on level 7 of the Dungeon.
             The game lasted 00:04:33 (4468 turns).

ragingrage the Firebug (Octopode Fire Elementalist) Turns: 4468, Time: 00:04:34

Health: -1/36      AC:  1    Str:  7    XL:     6   Next: 87%
Magic:  2/10       EV: 13    Int: 20    God:
Gold:   132        SH:  0    Dex: 18    Spells: 4/11 levels left

rFire   + . .        h - +7 club
rCold   x . .        (no shield)
rNeg    . . .        (helmet restricted)
rPois   .            (no amulet)
rElec   .            c - ring of wizardry
rCorr   .            g - +6 ring of dexterity
SInv    .            m - ring of fire
Will    .....        (no ring)
Stlth   +++          (no ring)
HPRegen 0.26/turn    (no ring)
MPRegen 0.12/turn    (no ring)
                     (no ring)

%: wizardry (x1)
@: no status effects
A: almost no armour, amphibious, 8 rings, camouflage 1, gelatinous body 1,
(nimble swimmer 1), tentacles
a: no special abilities


You were on level 7 of the Dungeon.
You visited 1 branch of the dungeon, and saw 5 of its levels.

You collected 132 gold pieces.

Inventory:

Hand Weapons
 f - a +0 dagger
 h - a +7 club (weapon)
Missiles
 b - 5 poisoned darts
Jewellery
 c - a ring of wizardry (left tentacle)
 g - a +6 ring of dexterity (right tentacle)
 m - a ring of fire (on tentacle)
Wands
 l - a wand of iceblast (6)
Scrolls
 e - a scroll of poison {unknown}
 k - a scroll of identify
Potions
 a - a potion of magic
 i - 2 potions of might
 o - a potion of haste


   Skills:
 - Level 2.0 Dodging
 - Level 3.0 Stealth
 - Level 3.0 Spellcasting
 - Level 4.0 Conjurations
 + Level 5.6 Fire Magic


You had 4 spell levels left.
You knew the following spells:

 Your Spells              Type           Power      Damage    Failure   Level
a - Foxfire               Conj/Fire      100%       2x1d9     1%          1
b - Scorch                Fire           76%        2d8       1%          2
c - Flame Wave            Conj/Fire      33%        2d10      8%          4

Your spell library contained the following spells:

 Spells                   Type           Power      Damage    Failure   Level
 Inner Flame              Hex/Fire       21%        N/A       5%          3
 Volatile Blastmotes      Fire/Tloc      42%        2d13      5%          3
 Dazzling Flash           Conj/Hex       22%        N/A       8%          3
 Tukima's Dance           Hex            3%         N/A       16%         3
 Iskenderun's Mystic Bla  Conj/Tloc      11%        2d4       24%         4
 Passage of Golubria      Tloc           3%         N/A       45%         4
 Starburst                Conj/Fire      16%        6d6       71%         6
 Yara's Violent Unravell  Hex/Tmut       1%         3d3       80%         5


Dungeon Overview and Level Annotations

Branches:
Dungeon (4/15)
 Temple: D:4-7

Altars:
Elyvilon
Sif Muna

Shops:
D:1 [

Annotations:
D:3 3 runed translucent doors, hgbash's ghost, amateur TrFi
D:7 Maggie


Innate Abilities, Weirdness & Mutations

You cannot wear most types of armour.
You are amphibious.
You can wear up to eight rings at the same time.
Your skin changes colour to match your surroundings (Stealth+).
Your rubbery body absorbs attacks. (AC +1, EV +1)
((You are camouflaged when in or above water. (Stealth+)))
You have tentacles for arms and can constrict up to eight enemies at once.


Message History

The killer bee stings you.
* * * LOW HITPOINT WARNING * * *
The killer bee closely misses you.
Your orc priest mumbles some strange prayers to Beogh against the killer bee.
The killer bee writhes in agony!
The killer bee dies!
Something hits your orc!
Your orc dies!
Your orc's corpse dissolves into shadows!
Your orc barely misses the wight.
Your orc priest barely misses the wight.
The wight barely misses you.
Your orc hits the wight but does no damage.
The orc priest closely misses your orc.
Your orc priest hits the wight but does no damage.
Your orc priest dissolves into shadows!
Maggie gestures wildly while chanting.
Maggie attempts to bespell you!
You are mesmerised by Maggie!
The wight completely misses you.
Your orc hits the orc priest with a +0 mace.
The orc priest calls down the wrath of Beogh upon you.
Your orc writhes in agony!
Your orc dies!
Your orc's corpse dissolves into shadows!
Your orc hits the wight with a +0 flail!
The wight is destroyed!
Training target 3.0 for Spellcasting reached!
Training target 4.0 for Conjurations reached!
Your Spellcasting skill increases to level 3!
Your Conjurations skill increases to level 4!
Unknown command.
Blink to where?
Press: ? - help, Dir - move target An orc priest and an orc come into view.
As you read the scroll labelled ICZYLO BYAC, it crumbles to dust.
It was a scroll of blinking.
You break out of your daze!
The orc priest hits you with a +0 falchion.
You die...

...........
#.........#
#.........#
.........# #........#
#........# .
#.o......# ...
#§)......#.....
#.#.##.@.......
.######.#†##o......##
........#z##o......#
#......o#.###..#####
##.....?#.###.######
#.....@'...........
#......###.......#
#......###..#....#
#................#


You could see an orc priest, an orc (wandering) and a friendly orc (summoned).

Vanquished Creatures
  A water moccasin (D:7)
  Jessica (D:2)
  An orc wizard (D:3)
  3 adders
  4 gnolls
  2 worms (D:4)
  2 dart slugs (D:1)
  6 orcs
  7 ball pythons
  4 endoplasms
  6 giant cockroaches (D:1)
  6 hobgoblins
  3 quokkas
  7 bats
  3 frilled lizards (D:2)
  5 goblins
  4 kobolds
  22 rats
87 creatures vanquished.

Vanquished Creatures (collateral kills)
  A wight (D:7)
  A killer bee (D:7)
2 creatures vanquished.

Vanquished Creatures (others)
  316 foxfires
316 creatures vanquished.

Grand Total: 405 creatures vanquished

Notes
Turn   | Place    | Note
-------+----------+-------------------------------------------
     0 | D:1      | ragingrage the Octopode Fire Elementalist began the quest
                  | for the Orb.
     0 | D:1      | Reached XP level 1. HP: 11/11 MP: 3/3
   206 | D:1      | Reached XP level 2. HP: 17/17 MP: 0/5
   310 | D:1      | Learned a level 2 spell: Scorch
   425 | D:1      | Found Jacwauqu's Armour Shop.
   974 | D:1      | Reached XP level 3. HP: 21/21 MP: 2/6
  1509 | D:2      | Found a faded altar of an unknown god.
  1616 | D:2      | Noticed Jessica
  1621 | D:2      | Killed Jessica
  1622 | D:2      | Reached XP level 4. HP: 27/27 MP: 2/7
  1893 | D:2      | Found a shimmering blue altar of Sif Muna.
  1926 | D:2      | Reached skill level 4 in Fire Magic
  1935 | D:2      | Learned a level 4 spell: Flame Wave
  2837 | D:3      | Reached XP level 5. HP: 31/31 MP: 2/8
  2938 | D:3      | Found a white marble altar of Elyvilon.
  3568 | D:3      | Found a runed translucent gate.
  3568 | D:3      | Found a runed translucent gate.
  3568 | D:3      | Found a runed translucent gate.
  3573 | D:3      | Noticed hgbash's ghost (amateur TrFi)
  3617 | D:4      | Reached skill level 5 in Fire Magic
  4422 | D:4      | You fall into a shaft and drop 3 floors!
  4447 | D:7      | Noticed a water moccasin
  4458 | D:7      | Killed a water moccasin
  4459 | D:7      | Reached XP level 6. HP: 12/36 MP: 1/10
  4464 | D:7      | Noticed Maggie
  4468 | D:7      | Slain by an orc priest

Illustrated notes

Levels and vault maps discovered:
D:1:      wander_arrival_estate, layout_basic, serial_shops,
          nicolae_diamond_shop, minmay_tetromino_t2
D:2:      layout_basic, basic_altar, hellmonk_ecumenical_altar_crossroads,
          uniq_jessica
D:3:      layout_basic, lemuel_coloured_pillars_altar,
          gammafunk_ghost_necromancy, minmay_rat_hole
D:4:      layout_rooms
D:7:      layout_basic, uniq_maggie

Skill      XL: |  1  2  3  4  5  6 |
---------------+-------------------+-----
Stealth        | 3 |  3.0
Conjurations   | 2 3 4 |  4.0
Fire Magic     | 4 5 |  5.6
Spellcasting   | 3 |  3.0
Dodging        | |  2.0

Action                     |  1- 3 |  4- 6 || total
---------------------------+-------+-------++-------
  Melee: Constrict         |     6 |     5 ||    11
         Spear             |     3 |       ||     3
         Unarmed           |     2 |       ||     2
         Tentacles         |     1 |     1 ||     2
         Dagger            |    10 |     1 ||    11
         Club              |       |    18 ||    18
   Cast: Foxfire           |    82 |   122 ||   204
         Scorch            |       |     8 ||     8
  Evoke: Wand              |       |     1 ||     1
    Use: Scroll            |       |     5 ||     5
   Stab: Distracted        |       |     1 ||     1
 Armour: Skin              |     1 |     2 ||     3
  Dodge: Dodged            |    19 |    38 ||    57

Table legend: (Time is in decaauts)
 A = Elapsed time spent in this place.
 B = Non-inter-level travel time spent in this place.
 C = Inter-level travel time spent in this place.
 D = Time resting spent in this place.
 E = Time spent auto-exploring this place.
 F = Levels seen in this place.
 G = Mean time per level.
                   A        B        C        D        E       F      G
               +--------+--------+--------+--------+--------+-----+--------+
         Total |   4472 |   4273 |    199 |    915 |   2732 |   5 |  894.4 |
       Dungeon |   4472 |   4273 |    199 |    915 |   2732 |   5 |  894.4 |
               +--------+--------+--------+--------+--------+-----+--------+

Top non-repeatable levels by time:
     D:3: 1840 daAuts
     D:1: 1286 daAuts
     D:2: 953 daAuts
     D:4: 344 daAuts
     D:7: 46 daAuts
